 Dungeon Crawl Stone Soup version 0.28.0-45-g0d030f2227 (webtiles) character file.

Game seed: 9886754025856771931

634 NinjaNoafa the Vandal (level 7, 0/91 HPs)
             Began as a Minotaur Fighter on Apr 9, 2022.
             Was a Follower of Trog.
             Succumbed to an orc's poison
             ... on level 5 of the Dungeon.
             The game lasted 00:15:47 (3171 turns).

NinjaNoafa the Vandal (Minotaur Fighter)            Turns: 3171, Time: 00:15:48

Health: 0/91       AC: 11    Str: 21    XL:     7   Next: 25%
Magic:  6/6        EV:  7    Int:  5    God:    Trog [*.....]
Gold:   159        SH:  5    Dex: 11    Spells: 6/6 levels left

rFire   . . .      SeeInvis .   a - +0 flail
rCold   . . .      Faith    .   c - +0 buckler
rNeg    . . .      Spirit   .   w - +0 chain mail
rPois   .          Reflect  .   (helmet restricted)
rElec   .          Harm     .   (no cloak)
rCorr   +          Rampage  .   x - +0 pair of gloves
Will    .....                   (no boots)
Stlth   ..........              (no amulet)
HPRegen 0.25/turn               z - ring of resist corrosion
MPRegen 0.10/turn               (no ring)

@: berserking, lethally poisoned (0 -> -20), very quick
A: horns 2, retaliatory headbutt
a: Renounce Religion, Berserk


You were on level 5 of the Dungeon.
You worshipped Trog.
Trog was aware of your devotion.
You visited 1 branch of the dungeon, and saw 5 of its levels.

You collected 159 gold pieces.

Inventory:

Hand Weapons
 a - a +0 flail (weapon)
 d - a +0 scythe
 e - a +3 hunting sling
 v - a +1 short sword of venom
 B - a +0 hand crossbow
Missiles
 f - 37 stones (quivered)
 o - 23 bolts
 r - 11 poisoned darts
Armour
 b - a +0 scale mail
 c - a +0 buckler (worn)
 j - a +0 leather armour
 w - a +0 chain mail (worn)
 x - a +0 pair of gloves (worn)
Jewellery
 z - a ring of resist corrosion (left hand)
Wands
 h - a wand of digging (6)
Scrolls
 g - a scroll of enchant armour {unknown}
 i - 2 scrolls of teleportation {unknown}
 k - 4 scrolls of identify {unknown}
 p - 2 scrolls of noise {unknown}
 q - a scroll of enchant weapon {unknown}
 s - a scroll of fear {unknown}
 t - a scroll of summoning {unknown}
 y - a scroll of amnesia {unknown}
Potions
 l - a potion of brilliance {unknown}
 m - a potion of attraction {unknown}
 n - a potion of mutation {unknown}
 u - a potion of curing
 A - a potion of haste {unknown}


   Skills:
 + Level 5.3 Fighting
 - Level 2.4 Maces & Flails
 + Level 6.1 Slings
 + Level 5.2 Armour
 - Level 5.0 Shields


You had 6 spell levels left.
You didn't know any spells.
Your spell library was empty.

Dungeon Overview and Level Annotations

Branches:
Dungeon (5/15)             Temple (0/1) D:5

Altars:
Trog


Innate Abilities, Weirdness & Mutations

You have a pair of horns on your head.
You reflexively headbutt those who attack you in melee.


Message History

You feel sick.
The orc wizard hits you with a +0 dagger.
The orc priest hits you but does no damage.
The orc closely misses you.
The orc wizard hits you but does no damage.
You hit the orc priest.
The orc priest is moderately wounded.
You feel sick.
The orc wizard hits you but does no damage.
The orc priest hits you with a +0 club.
* * * LOW HITPOINT WARNING * * *
You sock the orc priest!
You kill the orc priest!
Trog accepts your kill.
You feel sick.
The orc hits you with a +2 dagger of venom.
* * * LOW HITPOINT WARNING * * *
You are lethally poisoned!
The orc wizard hits you but does no damage. x2
You sock the orc wizard!
The orc wizard is almost dead.
* * * LOW HITPOINT WARNING * * *
You feel very sick.
The orc hits you with a +2 dagger of venom.
* * * LOW HITPOINT WARNING * * *
You are more poisoned.
The orc wizard hits you but does no damage.
You bludgeon the orc wizard!!
You kill the orc wizard!
Trog accepts your kill.
Trog appreciates your killing of a magic user.
* * * LOW HITPOINT WARNING * * *
You feel very sick. The jelly hits you but does no damage.
The orc closely misses you.
The orc wizard hits you with a +0 rapier.
* * * LOW HITPOINT WARNING * * *
You are too berserk!
You sock the orc wizard!
The orc wizard is heavily wounded.
You die...

...........##.#######
.........####.#.....#
.........#....#.....#
.........#.####(....##
....######.####..#888##
.##.# #...#..†..8...8#
....####.###.##..8.>.8#
.#..##.......##..8)..8#
......<########)@#8.8##
...#..## #oJo..##
...#..# #.o..(# ......#
#........# .......
#...>....# ........
#........# .........
.........# ..#####...
#........# ........>#


You could see a jelly, an orc wizard and 2 orcs.

Vanquished Creatures
  Sigmund (D:2)
  An ogre (D:4)
  A scorpion (D:4)
  A hound (D:5)
  A centaur skeleton (D:4)
  An orc priest (D:5)
  A bullfrog skeleton (D:5)
  2 iguanas
  An orc wizard (D:5)
  A hound skeleton (D:4)
  5 adders
  An ufetubus (D:4)
  2 worms (D:4)
  4 dart slugs
  6 orcs
  2 bats
  4 endoplasms
  5 giant cockroaches
  4 goblins
  6 hobgoblins
  3 jackals (D:4)
  8 kobolds
  2 quokkas
  4 ball pythons
  2 frilled lizards
  4 rats
73 creatures vanquished.

Vanquished Creatures (others)
  5 plants
5 creatures vanquished.

Grand Total: 78 creatures vanquished

Notes
Turn   | Place    | Note
-------+----------+-------------------------------------------
     0 | D:1      | NinjaNoafa the Minotaur Fighter began the quest for the
                  | Orb.
     0 | D:1      | Reached XP level 1. HP: 19/19 MP: 0/0
   282 | D:1      | Reached skill level 1 in Slings
   297 | D:1      | Reached XP level 2. HP: 27/27 MP: 1/1
   351 | D:1      | Found a faded altar of an unknown god.
   789 | D:2      | Found a bloodstained altar of Trog.
   842 | D:2      | Became a worshipper of Trog the Wrathful
   852 | D:2      | Reached XP level 3. HP: 33/33 MP: 2/2
   919 | D:2      | Noticed Sigmund
   929 | D:2      | Killed Sigmund
   930 | D:2      | Reached skill level 3 in Slings
   930 | D:2      | Reached XP level 4. HP: 22/41 MP: 3/3
   930 | D:2      | Reached XP level 5. HP: 25/47 MP: 4/4
  1806 | D:3      | Reached * piety under Trog
  2134 | D:4      | Noticed an ogre
  2155 | D:4      | Killed an ogre
  2156 | D:4      | Reached skill level 5 in Fighting
  2156 | D:4      | Reached skill level 4 in Slings
  2156 | D:4      | Reached skill level 5 in Shields
  2156 | D:4      | Reached XP level 6. HP: 56/56 MP: 5/5
  2253 | D:4      | Reached skill level 5 in Armour
  2306 | D:4      | Reached skill level 5 in Slings
  2925 | D:5      | Entered Level 5 of the Dungeon
  2932 | D:5      | Reached XP level 7. HP: 61/61 MP: 6/6
  3141 | D:5      | Found a staircase to the Ecumenical Temple.
  3148 | D:5      | Reached skill level 6 in Slings
  3170 | D:5      | HP: 4/91 [orc wizard/+0 rapier (6)]
  3171 | D:5      | Succumbed to an orc's poison

Illustrated notes

Levels and vault maps discovered:
D:1:      elethiomel_arrival_quiet, layout_basic,
          shapermc_ecumenical_altar_flowoftime
D:2:      cheibrodos_old_hovel, layout_rooms, basic_altar, uniq_sigmund
D:3:      layout_basic
D:4:      layout_basic
D:5:      layout_rooms, minmay_temple_entry_statues, sigmund_army

Skill      XL: |  1  2  3  4  5  6  7 |
---------------+----------------------+-----
Slings         | 1 3 4 5 6 |  6.1
Shields        | 4 5 |  5.0
Fighting       | 4 5 |  5.3
Armour         | 4 5 |  5.2
Maces & Flails | |  2.4

Action                   |  1- 3 |  4- 6 |  7- 9 || total
-------------------------+-------+-------+-------++-------
Melee: Flail             |    20 |     4 |     9 ||    33
       Headbutt          |     5 |     2 |     1 ||     8
       Hunting sling     |     1 |       |       ||     1
       Short sword       |       |     2 |     3 ||     5
 Fire: Hunting sling     |    57 |   137 |    11 ||   205
Invok: Berserk           |       |       |     1 ||     1
  Use: Potion            |     2 |     1 |       ||     3
Armor: Scale mail        |     9 |     2 |       ||    11
       Leather armour    |     1 |       |       ||     1
       Chain mail        |       |    16 |     9 ||    25
Dodge: Dodged            |    14 |    16 |     7 ||    37
Block: Buckler           |     7 |    11 |     4 ||    22
